 Dungeon Crawl Stone Soup version 0.30-a0-39-g42789b21ef (webtiles) character file.

Game seed: 4701227112649892209

53 BritishOli the Trooper (level 3, 0/29 HPs)
             Began as a Demonspawn Fighter on Aug 29, 2022.
             Slain by a goblin
             ... wielding a +0 dagger
             ... led by Robin
              (5 damage)
             ... on level 2 of the Dungeon.
             The game lasted 00:00:57 (1839 turns).

BritishOli the Trooper (Demonspawn Fighter)         Turns: 1839, Time: 00:00:57

Health: 0/29       AC:  6    Str: 18    XL:     3   Next: 62%
Magic:  3/3        EV:  9    Int:  9    God:
Gold:   141        SH:  4    Dex: 12    Spells: 2/2 levels left

rFire   . . .      SeeInvis .    a - +0 long sword
rCold   . . .      Faith    .    c - +0 buckler
rNeg    . . .      Spirit   .    b - +0 scale mail
rPois   .          Reflect  .    (helmet restricted)
rElec   .          Harm     .    (no cloak)
rCorr   .          Rampage  .    (no gloves)
Will    .....                    (no boots)
Stlth   ..........               (no amulet)
HPRegen 0.09/turn                (no ring)
MPRegen 0.08/turn                (no ring)

@: no status effects
A: antennae 1
a: no special abilities


You were on level 2 of the Dungeon.
You visited 1 branch of the dungeon, and saw 2 of its levels.

You collected 141 gold pieces.

Inventory:

Hand Weapons
 a - a +0 long sword (weapon)
Armour
 b - a +0 scale mail (worn)
 c - a +0 buckler (worn)
Scrolls
 e - 3 scrolls of fog {unknown}
 f - 2 scrolls of identify {unknown}
 g - a scroll of enchant armour {unknown}
Potions
 d - 2 potions of might
 h - a potion of flight {unknown}


   Skills:
 + Level 3.4 Fighting
 + Level 2.3 Long Blades
 + Level 3.1 Armour
 + Level 3.1 Shields


You had 2 spell levels left.
You didn't know any spells.
Your spell library contained the following spells:

 Spells                   Type           Power      Damage    Failure   Level
 Magic Dart               Conj           0%         1d3       86%         1
 Searing Ray              Conj           0%         2d4       94%         2
 Portal Projectile        Hex/Tloc       0%         N/A       99%         3
 Tukima's Dance           Hex            0%         N/A       99%         3
 Fulminant Prism          Conj/Hex       0%         3d6       100%        4
 Blade Hands              Tmut           0%         N/A       100%        5


Dungeon Overview and Level Annotations

Branches:
Dungeon (2/15)

Altars:

Annotations:
D:2 Robin


Innate Abilities, Weirdness & Mutations

You have a pair of small antennae on your head.


Message History

You slash Robin!
Robin is heavily wounded.
The goblin hits you but does no damage.
Robin roars a battlecry!
The goblins go into a battle-frenzy!
The goblin barely misses you.
A goblin comes into view. It is wielding a +0 dagger.
Robin attacks as you move away! Robin hits you but does no damage.
A goblin comes into view. It is wielding a +0 dagger.
The goblin shouts!
The goblin hits you but does no damage. The hobgoblin closely misses you.
The goblin attacks as you move away! You block the goblin's attack.
The hobgoblin attacks as you move away! The hobgoblin hits you.
Robin roars a battlecry!
The goblins go into a battle-frenzy!
A goblin comes into view. It is wielding a +0 club.
You slash the goblin!
You kill the goblin!
Robin throws the goblin at you! You block the goblin's attack.
Robin throws the goblin at you! The goblin barely misses you.
A rat comes into view.
The goblin hits you with a +0 dagger. You block the goblin's attack.
You hit the goblin but do no damage. The goblin hits you but does no damage.
The goblin completely misses you.
The rat twitches its whiskers.
You block the goblin's attack.
You miss the goblin. The goblin hits you but does no damage.
The goblin closely misses you. The goblin completely misses you.
Unknown command.
You hit the goblin.
You kill the goblin!
The goblin hits you but does no damage. The goblin hits you with a +0 dagger.
* * * LOW HITPOINT WARNING * * *
Robin hits you with a +0 dagger.
* * * LOW HITPOINT WARNING * * *
You block the goblin's attack. The goblin hits you but does no damage.
You slash Robin!
Robin is almost dead.
The goblin barely misses you. The goblin hits you with a +0 dagger.
You die...

.# #.### ##.## #.##........#
.## #.#.# #..# #.###......##
..###.#.# #.## #.# #......#
......#.# #.# ##### #......#
#.###.#.# ##.# #... +......#
#.###.#.###..###.#####......#
#.........................###
##....†(....####gg.....#
.......>#.### #@##.##.#
##.#.##.#.######g#{.##.# #.#.
#.#.##..{ggg{....# # #.
#...##.#..gg..<#.# .. ..#.#
#.#.#..## #. #.#.. ........#
# ####.#.#.#..# #.# #.# .# #
#.# .#


You could see Robin and 7 goblins.

Vanquished Creatures
  2 adders (D:2)
  2 dart slugs
  2 bats
  An endoplasm (D:1)
  3 hobgoblins
  2 jackals (D:2)
  2 quokkas
  2 ball pythons (D:2)
  2 frilled lizards
  5 goblins
  2 kobolds (D:1)
  4 rats (D:1)
29 creatures vanquished.

Notes
Turn   | Place    | Note
-------+----------+-------------------------------------------
     0 | D:1      | BritishOli the Demonspawn Fighter began the quest for the
                  | Orb.
     0 | D:1      | Reached XP level 1. HP: 18/18 MP: 1/1
   138 | D:1      | Found a faded altar of an unknown god.
   375 | D:1      | Gained mutation: You have a pair of small antennae on your
                  | head. [demonic ancestry]
   375 | D:1      | Reached XP level 2. HP: 19/24 MP: 2/2
  1251 | D:2      | Reached XP level 3. HP: 18/29 MP: 3/3
  1826 | D:2      | Noticed Robin
  1839 | D:2      | Slain by a goblin

Illustrated notes

Levels and vault maps discovered:
D:1:      tarquinn_simple_flora_water_b, layout_basic,
          shapermc_ecumenical_altar_pompeii
D:2:      layout_basic, grunt_ministairs_11, uniq_robin

Skill      XL: |  1  2 |
---------------+-------+-----
Long Blades    | 2 |  2.3
Armour         | 3 |  3.1
Shields        | 3 |  3.1
Fighting       | |  3.4

Action                   || total
-------------------------++-------
Melee: Long sword        ||   122
Armor: Scale mail        ||    54
Dodge: Dodged            ||    66
Block: Buckler           ||    29

Table legend: (Time is in decaauts)
 A = Elapsed time spent in this place.
 B = Non-inter-level travel time spent in this place.
 C = Inter-level travel time spent in this place.
 D = Time resting spent in this place.
 E = Time spent auto-exploring this place.
 F = Levels seen in this place.
 G = Mean time per level.
                   A        B        C        D        E       F      G
               +--------+--------+--------+--------+--------+-----+--------+
         Total |   1879 |   1866 |     13 |    157 |   1458 |   2 |  939.5 |
       Dungeon |   1879 |   1866 |     13 |    157 |   1458 |   2 |  939.5 |
               +--------+--------+--------+--------+--------+-----+--------+

Top non-repeatable levels by time:
     D:1: 1124 daAuts
     D:2: 754 daAuts
